Map: Orbital Shipyard

Players

LilDicky - Winner!

  • Race: Terran Terran
  • League: Diamond

Caohugo

  • Race: Protoss Protoss
  • League: Diamond

VOD

http://www.twitch.tv/tumescentpie

Description

Time

  • Played on: Dec. 7, 2015, 2:24 p.m.
  • Length: 6:02
Show
View Real Time Build Order
Export as new Build Order

LilDicky Terran - Winner!

Build Orders: MMM Bio 

Get SALT Encoding   

  12  0:01  SCV  
  13  0:15  SCV  
  13  0:18  Supply Depot  
  14  0:27  SCV  
  15  0:29  Refinery  
  15  0:40  SCV  
  16  0:46  Barracks  
  16  0:52  SCV  
  17  1:04  SCV  
  18  1:17  SCV  
  19  1:29  SCV  
  20  1:40  Marine  
  20  1:41  Supply Depot  
  20  1:43  Factory  
  22  1:49  Orbital Command  
  21  1:58  Marine  
  22  2:16  Barracks  
  22  2:19  Refinery  
  22  2:20  Barracks  
  22  2:23  Barracks Reactor  
  22  2:24  SCV  
  23  2:37  SCV  
  24  2:49  SCV, Widow Mine  
  27  3:06  Barracks Tech Lab  
  27  3:07  Marine x2  
  27  3:08  Barracks Tech Lab  
  29  3:13  Supply Depot  
  29  3:14  SCV  
  29  3:19  Widow Mine  
  31  3:30  Combat Shields, Stimpack  
  31  3:34  SCV, Marine x2  
  31  3:35  Marauder x2  
  36  3:56  Marine  
  36  3:57  Marauder  
  36  4:01  Starport  
  39  4:04  Supply Depot  
  39  4:25  Marine  
  39  4:26  Marauder  
  42  4:33  SCV  
  42  4:35  Marine  
  42  4:36  Marauder  
  46  4:39  Supply Depot  
  46  4:46  SCV  
  46  4:47  Medivac  
  46  4:48  Concussive Shells, Marauder  
  51  4:53  Engineering Bay  
  51  4:58  SCV, Supply Depot  
  50  5:17  Medivac  
  51  5:32  Missile Turret  
  51  5:34  Missile Turret  
Show
View Real Time Build Order
Export as new Build Order

Caohugo Protoss 

Build Orders: 1 Gate Expand 

Get SALT Encoding   

  12  0:01  Probe (Chrono Boost)  
  13  0:12  Probe (Chrono Boost)  
  14  0:23  Pylon  
  14  0:24  Probe (Chrono Boost)  
  15  0:41  Probe (Chrono Boost), Gateway  
  16  0:48  Assimilator  
  16  0:52  Probe (Chrono Boost)  
  17  1:02  Probe (Chrono Boost)  
  18  1:13  Probe (Chrono Boost)  
  19  1:24  Probe (Chrono Boost)  
  20  1:31  Nexus  
  20  1:43  Pylon  
  20  1:45  Probe (Chrono Boost)  
  21  1:56  Probe (Chrono Boost)  
  22  2:06  Cybernetics Core, Assimilator  
  21  2:15  Probe (Chrono Boost)  
  22  2:22  Zealot (Chrono Boost)  
  24  2:34  Probe (Chrono Boost)  
  25  2:43  Warp Gate  
  25  2:44  Probe  
  25  2:45  Mothership Core  
  25  2:48  Stalker (Chrono Boost)  
  30  2:54  Probe  
  31  2:59  Pylon  
  31  3:05  Probe  
  31  3:06  Probe  
  33  3:15  Probe  
  33  3:17  Stalker (Chrono Boost)  
  33  3:19  Probe  
  37  3:22  Stargate  
  34  3:38  Probe  
  35  3:47  Probe  
  36  3:58  Probe  
  36  4:01  Probe  
  37  4:12  Probe  
  37  4:14  Probe, Oracle (Chrono Boost)  
  42  4:26  Gateway  
  42  4:27  Gateway  
  42  4:31  Gateway  
  41  4:37  Assimilator  
  41  4:42  Assimilator  
  41  4:53  Probe  
  41  4:56  Phoenix (Chrono Boost)  
  44  5:15  Pylon  
  44  5:17  Pylon  
  44  5:21  Pylon  
  42  5:31  Zealot  
  42  5:34  Mothership Core (Chrono Boost)  
  44  5:40  Zealot  
  33  5:53  Zealot x2  
Tags
 
Add a new tag
Caveats
  • Supply blocks, unpowered buildings, or Contaminate may cause inaccurate times.
  • Supply counts are checked every 10 seconds.